 Dungeon Crawl Stone Soup version 0.26.1-2-gb8aa6d0cf2 (webtiles) character file.

Game seed: 11826233321763371183

4871 Gadfly the Demolition Demonspawn (level 10, -16/77 HPs)
             Began as a Demonspawn Monk on Feb 11, 2021.
             Was an Elder of Makhleb.
             Demolished by an enormous slime creature (45 damage)
             ... on level 9 of the Dungeon.
             The game lasted 00:25:42 (14437 turns).

Gadfly the Demolition Demonspawn (Demonspawn Monk) Turns: 14437, Time: 00:25:43

Health: -16/77     AC: 18    Str: 14    XL:     10   Next: 26%
Magic:  0/16       EV:  9    Int: 13    God:    Makhleb [****..]
Gold:   396        SH:  0    Dex: 17    Spells: 2/9 levels left

rFire    + + .     SeeInvis +   a - +0 war axe (venom)
rCold    . . .     Faith    .   (no shield)
rNeg     . . .     Spirit   +   v - +2 chain mail {rF+}
rPois    .         Reflect  .   (helmet unavailable)
rElec    .         Harm     .   E - +1 cloak {Stlth+}
rCorr    .         Rampage  .   m - +0 pair of gloves
Will     .....                  p - +1 pair of boots
Stlth    ..........             i - amulet of guardian spirit
HPRegen  0.22/turn              c - ring of protection from fire
MPRegen  0.15/turn              (no ring)

@: no status effects
A: antennae 3, repulsion field 1, clever 1, demonic guardian 1, powered by pain
1, wild magic 1
a: Renounce Religion, Minor Destruction, Lesser Servant of Makhleb, Major
Destruction


You were on level 9 of the Dungeon.
You worshipped Makhleb.
Makhleb was greatly pleased with you.
You visited 2 branches of the dungeon, and saw 10 of its levels.
You also visited: Sewer.

You collected 396 gold pieces.

Inventory:

Hand Weapons
 a - a +0 war axe of venom (weapon)
 b - a +1 spear of flaming
 u - a +3 dire flail of draining
Armour
 m - a +0 pair of gloves (worn)
 p - a +1 pair of boots (worn)
 v - a +2 chain mail of fire resistance (worn)
 E - a +1 cloak of stealth (worn)
Jewellery
 c - a ring of protection from fire (left hand)
 f - an uncursed ring of fire
 h - an uncursed ring of ice
 i - an amulet of guardian spirit (around neck)
Wands
 j - a wand of polymorph (8)
 w - a wand of iceblast (6)
 A - a wand of disintegration (10)
 B - a wand of digging (4)
Scrolls
 k - 10 scrolls of remove curse
 r - 2 scrolls of blinking
 t - a scroll of enchant armour
 x - a scroll of fear
 y - a scroll of enchant weapon
 z - a scroll of teleportation
 C - 3 scrolls of fog
 F - a scroll of identify
Potions
 d - 2 potions of flight
 e - a potion of heal wounds
 g - 2 potions of attraction
 n - a potion of ambrosia
 o - 2 potions of curing
 q - a potion of mutation
 s - a potion of lignification
Miscellaneous
 D - a box of beasts


   Skills:
 * Level 6.9 Fighting
 * Level 7.1 Axes
 + Level 6.1 Armour
 - Level 2.6 Dodging
 - Level 1.7 Stealth
 + Level 8.7 Invocations
 + Level 6.7 Evocations


You had 2 spell levels left.
You knew the following spells:

 Your Spells              Type           Power        Failure   Level
a - Blink                 Tloc           N/A          100%        2
b - Wereblood             Tmut           0%           100%        2
c - Conjure Flame         Conj/Fire      0%           100%        3

Your spell library contained the following spells:

 Spells                   Type           Power        Failure   Level
 Beastly Appendage        Tmut           0%           100%        1
 Corona                   Hex            0%           100%        1
 Freeze                   Ice            0%           100%        1
 Magic Dart               Conj           0%           100%        1
 Call Imp                 Summ           0%           100%        2
 Slow                     Hex            0%           100%        2
 Frozen Ramparts          Ice            0%           100%        3
 Inner Flame              Hex/Fire       0%           100%        3
 Mephitic Cloud           Conj/Pois/Air  0%           100%        3
 Ozocubu's Armour         Ice            0%           100%        3
 Portal Projectile        Hex/Tloc       0%           100%        3
 Spider Form              Tmut/Pois      0%           100%        3
 Cause Fear               Hex            0%           100%        4
 Hailstorm                Conj/Ice       0%           100%        4
 Ice Form                 Ice/Tmut       0%           100%        4
 Leda's Liquefaction      Hex/Erth       0%           100%        4
 Summon Ice Beast         Ice/Summ       0%           100%        4
 Blade Hands              Tmut           0%           100%        5


Dungeon Overview and Level Annotations

Branches:
Dungeon (9/15)             Temple (1/1) D:4            Lair (0/6) D:9
    Orc (0/2) D:9           Sewer (visited)

Altars:
Ashenzari
Cheibriados
Dithmenos
Elyvilon
Fedhas
Gozag
Hepliaklqana
Kikubaaqudgha
Makhleb
Nemelex Xobeh
Okawaru
Qazlal
Ru
Sif Muna
Trog
Uskayaw
Vehumet
Wu Jian
Xom
Yredelemnul
Zin
The Shining One

Shops:
D:4 =   D:7 [


Innate Abilities, Weirdness & Mutations

You have a pair of large antennae on your head. (SInv)
You are surrounded by a mild repulsion field. (EV +2)
A weak demonic guardian rushes to your aid.
You sometimes gain a little power by taking damage.
Your mind is acute. (Int +2)
Your spells are a little harder to cast, but a little more powerful.


Message History

You slash the enormous slime creature!
The enormous slime creature is severely wounded.
Your quasit bites the enormous slime creature.
Your quasit claws the enormous slime creature. x2
Your ufetubus hits the enormous slime creature. x2
Your quasit bites the enormous slime creature.
Your quasit claws the enormous slime creature. x2
Your iron imp hits the enormous slime creature!
The enormous slime creature hits your quasit!!!!
Your quasit dies!
The enormous slime creature quivers.
You barely miss the enormous slime creature.
The enormous slime creature is almost dead.
Your ufetubus barely misses the enormous slime creature.
Your ufetubus closely misses the enormous slime creature.
Your ufetubus hits the enormous slime creature. x2
Your ynoxinul barely misses the enormous slime creature.
The enormous slime creature hits you!!!
Ouch! That really hurt!
You die...

... #...#......
#..## #.........
#...# #.........
#...## #.........
#....####.........
#..........##....
##...).....####..
..########..###....#
### #.....@.†.##
##...# # ###...3J5##
##...# # ###.55.#
##..# # ###..# ...#
. #.## #...#. ##.#
#))# ###..#
###....##


You could see an enormous slime creature, a friendly ynoxinul (summoned), a
friendly iron imp (summoned), a friendly white imp (summoned) and a friendly
ufetubus (summoned).

Vanquished Creatures
  Maurice (D:9)
  Sigmund (D:4)
  A wyvern (D:9)
  A basilisk (D:9)
  Edmund (D:4)
  2 water moccasins
  4 orc warriors
  2 black bears (D:9)
  2 ogres
  A phantom (D:5)
  2 wolves
  A centaur (D:6)
  5 bullfrogs
  A gnoll sergeant (D:7)
  A scorpion (D:7)
  5 killer bees (D:8)
  A hound (D:4)
  4 orc priests
  A centaur zombie (D:7)
  Crazy Yiuf (D:3)
  2 bullfrog skeletons
  A jelly (D:7)
  Ijyb (D:5)
  2 gnoll shamans
  3 iguanas
  9 orc wizards
  6 worker ants
  2 hound skeletons
  2 worker ant zombies (D:5)
  14 gnolls
  A howler monkey skeleton (D:5)
  16 adders
  A shadow imp (D:6)
  A white imp (D:8)
  4 ufetubi
  An ooze (D:2)
  2 adder zombies (D:6)
  An adder skeleton (D:4)
  3 dart slugs
  15 leopard geckos
  38 orcs
  4 bats
  11 giant cockroaches
  2 gnoll zombies (D:5)
  9 goblins
  6 hobgoblins
  15 jackals
  12 kobolds
  4 quokkas
  4 ball pythons
  7 frilled lizards
  A jackal skeleton (D:6)
  8 rats
246 creatures vanquished.

Vanquished Creatures (collateral kills)
  2 wyverns
  A basilisk (D:9)
  A water moccasin (D:9)
  A black bear (D:9)
  A centaur (D:7)
  2 bullfrogs (D:9)
  2 gnoll sergeants (D:7)
  A scorpion (D:8)
  A killer bee (D:8)
  A gnoll (D:7)
  An ufetubus (D:9)
  An orc (D:8)
  A jackal (D:5)
16 creatures vanquished.

Vanquished Creatures (others)
  18 plants
18 creatures vanquished.

Grand Total: 280 creatures vanquished

Notes
Turn   | Place    | Note
-------+----------+-------------------------------------------
     0 | D:1      | Gadfly the Demonspawn Monk began the quest for the Orb.
     0 | D:1      | Reached XP level 1. HP: 18/18 MP: 1/1
    54 | D:1      | You fall into a shaft and drop 1 floor!
   497 | D:2      | Reached skill level 1 in Invocations
   497 | D:2      | Gained mutation: You have a pair of small antennae on your
                  | head. [demonic ancestry]
   497 | D:2      | Reached XP level 2. HP: 24/24 MP: 2/2
   740 | D:2      | Reached skill level 1 in Armour
   740 | D:2      | Reached skill level 1 in Evocations
  1022 | D:2      | Gained mutation: You are surrounded by a mild repulsion
                  | field. (EV +2) [demonic ancestry]
  1022 | D:2      | Reached XP level 3. HP: 29/29 MP: 4/4
  1254 | D:1      | Reached skill level 2 in Invocations
  2359 | D:2      | Gained mutation: You have a pair of antennae on your head.
                  | [demonic ancestry]
  2359 | D:2      | Reached XP level 4. HP: 23/35 MP: 5/5
  3041 | D:2      | Found a radiant altar of Vehumet.
  3958 | D:3      | Found a runed translucent door.
  3959 | D:3      | Noticed Crazy Yiuf
  4014 | D:3      | Gained mutation: You have a pair of large antennae on your
                  | head. (SInv) [potion of mutation]
  4014 | D:3      | Gained mutation: Your spells are a little harder to cast,
                  | but a little more powerful. [potion of mutation]
  4014 | D:3      | Gained mutation: Your mind is acute. (Int +2) [potion of
                  | mutation]
  4030 | D:3      | HP: 1/35 [orc/+0 mace (5)]
  4751 | D:3      | Reached skill level 3 in Invocations
  4751 | D:3      | Reached XP level 5. HP: 10/41 MP: 7/7
  5524 | D:3      | Killed Crazy Yiuf
  5845 | D:4      | Found Qadyf's Jewellery Emporium.
  5870 | D:4      | Found a white marble altar of Elyvilon.
  5906 | D:4      | Reached XP level 6. HP: 43/47 MP: 8/8
  5941 | D:4      | You fall into a shaft and drop 2 floors!
  5985 | D:6      | Reached skill level 4 in Invocations
  6220 | D:6      | HP: 1/47 [centaur/arrow (8)]
  6543 | D:6      | Noticed a water moccasin
  6550 | D:5      | Entered Level 5 of the Dungeon
  6776 | D:5      | Found a glowing drain.
  6803 | Sewer    | Entered a sewer
  6881 | Sewer    | Mutation became permanent: You have a pair of antennae on
                  | your head. [demonic ancestry]
  6881 | Sewer    | Gained mutation: You have a pair of large antennae on your
                  | head. (SInv) [demonic ancestry]
  6881 | Sewer    | Reached XP level 7. HP: 44/52 MP: 10/10
  7049 | Sewer    | Reached skill level 5 in Invocations
  7599 | D:5      | Noticed Ijyb
  8003 | D:4      | Found a staircase to the Ecumenical Temple.
  8073 | Temple   | Entered the Ecumenical Temple
  8321 | Temple   | Became a worshipper of Makhleb the Destroyer
  8321 | Temple   | Reached * piety under Makhleb
  8321 | Temple   | Reached ** piety under Makhleb
  8464 | D:4      | Noticed Edmund
  8484 | D:4      | Killed Edmund
  8485 | D:4      | Reached skill level 6 in Invocations
  8667 | D:4      | Noticed Sigmund
  8681 | D:4      | Killed Sigmund
  8682 | D:4      | Gained mutation: A weak demonic guardian rushes to your
                  | aid. [demonic ancestry]
  8682 | D:4      | Reached XP level 8. HP: 37/58 MP: 8/12
  9124 | D:5      | Found a shimmering blue altar of Sif Muna.
  9155 | D:5      | Reached skill level 5 in Evocations
  9194 | D:5      | Killed Ijyb
  9390 | D:5      | Found a basalt altar of Yredelemnul.
 10297 | D:7      | Found Gifookkie's Armour Shoppe.
 10372 | D:7      | Reached skill level 7 in Invocations
 10409 | D:7      | Reached skill level 5 in Axes
 10571 | D:7      | Reached skill level 5 in Armour
 10891 | D:7      | Reached *** piety under Makhleb
 10936 | D:7      | Reached XP level 9. HP: 59/66 MP: 14/14
 10939 | D:7      | Learned a level 2 spell: Blink
 10942 | D:7      | Learned a level 2 spell: Wereblood
 10946 | D:7      | Learned a level 3 spell: Conjure Flame
 11016 | D:7      | Found a bloodstained altar of Trog.
 11441 | D:8      | Found a blossoming altar of Fedhas.
 11446 | D:8      | Found a bloodstained altar of Trog.
 11491 | D:8      | Reached skill level 5 in Fighting
 11915 | D:8      | Found a blossoming altar of Fedhas.
 13083 | D:9      | Noticed Maurice
 13101 | D:9      | Killed Maurice
 13102 | D:9      | Reached skill level 8 in Invocations
 13262 | D:9      | Found a sparkling altar of Nemelex Xobeh.
 13392 | D:9      | Gained mutation: You sometimes gain a little power by
                  | taking damage. [demonic ancestry]
 13392 | D:9      | Reached XP level 10. HP: 26/77 MP: 6/16
 13862 | D:9      | Found a staircase to the Lair.
 14017 | D:9      | Reached **** piety under Makhleb
 14110 | D:9      | Found a staircase to the Orcish Mines.
 14437 | D:9      | Demolished by an enormous slime creature

Illustrated notes

Levels and vault maps discovered:
D:1:      dpeg_arrival_leaves_temple_mockup, layout_rooms, serial_forest,
          infiniplex_forest_clump_curved, infiniplex_forest_end_2,
          infiniplex_forest_clump_long, infiniplex_forest_clump_tiny,
          infiniplex_forest_straight_4, infiniplex_forest_clump_long,
          infiniplex_forest_diagonal, infiniplex_forest_3_way,
          infiniplex_forest_lined_room_, hangedman_feature_mirror,
          supply_closet_lemuel
D:2:      layout_basic, lemuel_crystal_altar
D:3:      layout_loops_corners, uniq_crazy_yiuf_cottage
D:4:      layout_rooms, elyvilon_altar_4, minmay_temple_entry_hall,
          serial_shops, shop, minmay_misc_feat_doors, chequers_jeans,
          sigmund_edmund_badplayer
D:5:      layout_loops_ring, lemuel_zombie_altar_yredelemnul,
          portal_sewer_entry_f, roderic_serpentine_path, lemuel_tele_altar,
          uniq_ijyb
D:6:      layout_rooms
D:7:      layout_cave_pools, serial_gnoll_camp, gnoll_camp_medium_02,
          gnoll_camp_mini_hut, gnoll_camp_mini_shop, gnoll_camp_mini_house,
          basic_altar, minmay_fountain_box
D:8:      layout_cave_pods, grunt_temple_overflow_open, fedhas_altar_2
D:9:      kennysheep_steamy, layout_layer_cave,
          nemelex_xobeh_ov_fountains_minmay, minmay_lair_entry_grove,
          hiddenorc2_lemuel, uniq_maurice
Temple:   eino_temple_scatter_basement

Skill      XL: |  1  2  3  4  5  6  7  8  9 10 |
---------------+-------------------------------+-----
Invocations    | 1 2 3 4 6 7 8 |  8.7
Armour         | 1 2 3 4 5 6 |  6.1
Evocations     | 1 2 3 4 5 6 |  6.7
Axes           | 3 4 5 6 7 |  7.1
Fighting       | 4 6 |  6.9
Dodging        | |  2.6
Stealth        | |  1.7

Action                   |  1- 3 |  4- 6 |  7- 9 | 10-12 || total
-------------------------+-------+-------+-------+-------++-------
Melee: Hand axe          |    58 |    11 |    89 |       ||   158
       Spear             |    80 |   122 |       |       ||   202
       Dagger            |    48 |   132 |   483 |       ||   663
       War axe           |       |       |    30 |   124 ||   154
Invok: Minor Destruction |       |       |    11 |       ||    11
       Lesser Servant of |       |       |     1 |     2 ||     3
  Use: Scroll            |     3 |     6 |     9 |       ||    18
       Potion            |       |     5 |     3 |       ||     8
 Stab: Sleeping          |     5 |     3 |       |       ||     8
       Invisible         |       |     1 |       |       ||     1
       Distracted        |       |       |     2 |     1 ||     3
Armor: Robe              |    11 |       |       |       ||    11
       Ring mail         |     2 |    61 |    48 |       ||   111
       Leather armour    |     1 |       |       |       ||     1
       Chain mail        |       |       |   389 |    90 ||   479
Dodge: Dodged            |   115 |   207 |   390 |    61 ||   773
